 Dungeon Crawl Stone Soup version 0.23.1 (webtiles) character file.

Game seed: 18438826973848172187

345 Borgoz the Sneak (level 6, -2/46 (47) HPs)
             Began as a Ghoul Enchanter on Mar 7, 2019.
             Killed by divine providence
             ... invoked by an orc priest
              (11 damage)
             ... on level 4 of the Dungeon.
             The game lasted 00:08:09 (3418 turns).

Borgoz the Sneak (Ghoul Enchanter)                  Turns: 3418, Time: 00:08:09

HP:   -2/46 (47)    AC: 10    Str: 12      XL:     6   Next: 58%
MP:   7/7           EV:  6    Int: 13      God:
Gold: 247           SH:  0    Dex:  8 (10) Spells: 2/8 levels left

rFire    . . .     SeeInvis .   o - +0 short sword
rCold    + . .     Gourm    .   (no shield)
rNeg     + + +     Faith    .   f - +0 chain mail
rPois    ∞         Spirit   .   (no helmet)
rElec    .         Reflect  .   (no cloak)
rCorr    .         Harm     .   (no gloves)
MR       .....                  h - +0 pair of boots
Stlth    ..........             (no amulet)
HPRegen  0.00/turn              c - +2 ring of intelligence
MPRegen  0.10/turn              (no ring)

@: rotting
A: rotting body, claws 1, carnivore, cold resistance 1, negative energy
resistance 3, inhibited regeneration, torment resistance, unbreathing
a: no special abilities


You were on level 4 of the Dungeon.
You were not hungry.

You visited 1 branch of the dungeon, and saw 4 of its levels.

You collected 247 gold pieces.

Inventory:

Hand Weapons
 o - a +0 short sword (weapon)
 s - a +0 blowgun
Missiles
 t - 6 poisoned needles
Armour
 f - a +0 chain mail (worn)
 h - a +0 pair of boots (worn)
 k - a +0 leather armour
Jewellery
 c - a +2 ring of intelligence (left claw)
Scrolls
 a - 2 scrolls of magic mapping
 b - a scroll of fog
 e - 2 scrolls of blinking {unknown}
 g - a scroll of identify {unknown}
 n - a scroll of immolation {unknown}
 p - a scroll of enchant armour {unknown}
 r - 3 scrolls of remove curse {unknown}
 u - a scroll of amnesia {unknown}
Potions
 l - a potion of degeneration
Comestibles
 d - 7 rations


   Skills:
 + Level 1.1 Fighting
 * Level 3.9 Short Blades
 * Level 2.8 Armour
 + Level 2.2 Dodging
 + Level 4.0 Stealth
 + Level 1.9 Spellcasting
 + Level 2.7 Hexes


You had 2 spell levels left.
You knew the following spells:

 Your Spells              Type           Power        Failure   Level  Hunger
a - Corona                Hex            #......      97%         1    ##.....
b - Ensorcelled Hibernat  Hex/Ice        #.....       100%        2    ###....
c - Confuse               Hex            #.......     100%        3    ####...

Your spell library contained the following spells:

 Spells                   Type           Power        Failure   Level  Hunger
 Dazzling Spray           Conj/Hex       #.....       100%        3    ####...
 Tukima's Dance           Hex            #.......     100%        3    ####...


Dungeon Overview and Level Annotations

Branches:
Dungeon (4/15)
 Temple: D:4-7

Altars:
Ru
Vehumet


Innate Abilities, Weirdness & Mutations

Your body is rotting away.
You thrive on raw meat.
You are immune to poison.
You have sharp fingernails.
You are carnivorous and can eat meat at any time.
Your flesh is cold resistant. (rC+)
You are immune to negative energy. (rN+++)
You do not regenerate when monsters are visible.
You are immune to unholy pain and torment.
You can survive without breathing.


Message History

The orc priest shouts!
Found 9 gold pieces.
Okay, then.
A jackal comes into view.
The jackal barks!
You see here 9 gold pieces.
You feel your flesh rotting away.
A leopard gecko comes into view.
The leopard gecko hisses angrily.
Found 8 gold pieces.
Found 8 arrows.
The leopard gecko bites you but does no damage.
The jackal bites you but does no damage.
The leopard gecko barely misses you.
Found 19 gold pieces.
The leopard gecko barely misses you.
Found 15 gold pieces.
The orc priest mumbles some strange prayers to Beogh against you.
Beogh smites you!
You die...

############## ###
#....Z.o.h.l.#...#
#####.##########@$#
.........#### #...#
..................#
........Z..####..#.
#............
...##.
#.###.#(.#........
..
#.##.....#.#####$#
## #.##.#......#
#.# #.##.....##.#


You could see an orc priest, a leopard gecko, a jackal and a howler monkey
skeleton.

Vanquished Creatures
  Sigmund (D:3)
  A hound (D:3)
  Jessica (D:3)
  An orc wizard (D:4)
  A worker ant (D:4)
  2 adders
  An adder skeleton (D:4)
  A worm (D:3)
  2 dart slugs
  2 leopard geckos (D:2)
  3 orcs
  3 ball pythons
  8 bats
  3 giant cockroaches
  2 hobgoblins
  A ball python skeleton (D:4)
  4 frilled lizards
  4 goblins
  A jackal skeleton (D:3)
  6 kobolds
  8 rats
56 creatures vanquished.

Notes
Turn   | Place    | Note
-------+----------+-------------------------------------------
     0 | D:1      | Borgoz the Ghoul Enchanter began the quest for the Orb.
     0 | D:1      | Reached XP level 1. HP: 14/14 MP: 2/2
   323 | D:1      | Reached XP level 2. HP: 13/20 MP: 3/3
   595 | D:1      | Learned a level 2 spell: Ensorcelled Hibernation
  1225 | D:2      | Reached skill level 1 in Short Blades
  1625 | D:2      | Reached XP level 3. HP: 23/26 MP: 4/4
  1786 | D:2      | Found a sacrificial altar of Ru.
  1787 | D:2      | Found a radiant altar of Vehumet.
  2161 | D:3      | Reached skill level 1 in Armour
  2161 | D:3      | Reached XP level 4. HP: 24/33 MP: 5/5
  2175 | D:3      | Learned a level 3 spell: Confuse
  2371 | D:3      | Noticed Jessica
  2379 | D:3      | Killed Jessica
  2591 | D:3      | Reached XP level 5. HP: 36/39 MP: 6/6
  2706 | D:3      | Noticed Sigmund
  2725 | D:3      | Killed Sigmund
  2725 | D:3      | Reached skill level 1 in Fighting
  2725 | D:3      | Reached skill level 4 in Stealth
  2725 | D:3      | Reached XP level 6. HP: 27/47 MP: 7/7
  3134 | D:4      | Noticed an orc warrior
  3418 | D:4      | Killed from afar by an orc priest

Skill      XL: |  1  2  3  4  5 |
---------------+----------------+-----
Short Blades   | 1 2 3 |  3.9
Dodging        | 2 |  2.2
Armour         | 1 2 |  2.8
Fighting       | 1 |  1.1
Stealth        | 4 |  4.0
Spellcasting   | |  1.9
Hexes          | |  2.7

Action                   |  1- 3 |  4- 6 || total
-------------------------+-------+-------++-------
Melee: Dagger            |   128 |       ||   128
       Short sword       |    37 |   183 ||   220
  Use: Scroll            |     4 |     2 ||     6
       Potion            |       |     7 ||     7
 Stab: Sleeping          |     2 |       ||     2
       Invisible         |       |     4 ||     4
  Eat: Chunk             |    10 |     7 ||    17
Armor: Robe              |     3 |       ||     3
       Chain mail        |    96 |   118 ||   214
       Leather armour    |     1 |       ||     1
Dodge: Dodged            |    72 |    45 ||   117
